 Dungeon Crawl Stone Soup version 0.22-a0-192-g6ffc940 (webtiles) character file.

90 Amnesiac the Magician (level 4, -2/30 HPs)
             Began as a Mummy Earth Elementalist on Feb 16, 2018.
             Slain by an orc wizard
             ... wielding a +0 dagger of speed
              (3 damage)
             ... on level 6 of the Dungeon.
             The game lasted 00:03:27 (1201 turns).

Amnesiac the Magician (Mummy Earth Elementalist)    Turns: 1201, Time: 00:03:28

Health: -2/30      AC:  4    Str: 11    XL:     4   Next: 32%
Magic:  0/9        EV: 12    Int: 15    God:
Gold:   56         SH:  0    Dex: 12    Spells: 7/10 levels left

rFire    x . .     SeeInvis .   a - +0 spear
rCold    + . .     Gourm    .   (no shield)
rNeg     + + +     Faith    .   c - +0 robe
rPois    ∞         Spirit   .   (no helmet)
rElec    .         Reflect  .   g - +1 cloak
rCorr    .         Harm     .   (no gloves)
MR       .....                  (no boots)
Stlth    ++........             (no amulet)
HPRegen  0.10/turn              (no ring)
MPRegen  0.11/turn              (no ring)

@: no status effects
A: no food or potions, fire vulnerability, cold resistance 1, negative energy
resistance 3, torment resistance, unbreathing
a: no special abilities


You were on level 6 of the Dungeon.
You were not hungry.

You visited 1 branch of the dungeon, and saw 5 of its levels.

You collected 56 gold pieces.

Inventory:

Hand Weapons
 a - a +0 spear (weapon)
 f - a cursed -1 short sword
 l - a +0 dagger
Missiles
 b - 19 stones (quivered)
 k - 18 poisoned needles
Armour
 c - a +0 robe (worn)
 g - a +1 cloak (worn)
Jewellery
 j - an uncursed ring of magical power {unknown}
Scrolls
 e - 2 scrolls of identify {!r, unknown}
 h - a scroll of enchant weapon {!r, unknown}
 i - a scroll of remove curse {!r, unknown}
 m - a scroll of blinking {!r, unknown}
Books
 d - a book of Geomancy

   Spells                             Type                      Level
   a - Sandblast                      Earth                        1
   b - Passwall                       Transmutation/Earth          2
   c - Stone Arrow                    Conjuration/Earth            3
   d - Petrify                        Transmutation/Earth          4
   e - Lee's Rapid Deconstruction     Earth                        5


   Skills:
 - Level 1.5 Dodging
 - Level 1.5 Stealth
 + Level 3.8 Spellcasting
 - Level 0.7 Transmutations
 * Level 3.8 Earth Magic


You had 7 spell levels left.
You knew the following spells:

 Your Spells              Type           Power        Failure   Level  Hunger
a - Sandblast             Erth           ##....       3%          1    N/A
b - Passwall              Tmut/Erth      #.........   11%         2    N/A

Dungeon Overview and Level Annotations

Branches:
Dungeon (4/15)
 Temple: D:4-7

Altars:


Innate Abilities, Weirdness & Mutations

You do not eat or drink.
Your flesh is vulnerable to fire.
You are immune to poison.
Your flesh is cold resistant. (rC+)
You are immune to negative energy. (rN+++)
You are immune to unholy pain and torment.
You can survive without breathing.


Message History

Confirm with . or Enter, or press ? or * to list all spells.
Aiming: Sandblast (safe; 3% risk of failure)
Press: ? - help, Shift-Dir - straight line The blast of sand hits the orc.
The orc is moderately wounded.
b - 24 stones Something hits you but does no damage.
Unknown command.
Casting: Sandblast (safe; 3% risk of failure)
Confirm with . or Enter, or press ? or * to list all spells.
Aiming: Sandblast (safe; 3% risk of failure)
Press: ? - help, Shift-Dir - straight line, f - orc
Aim: an orc, wielding a short sword and wearing a scale mail (moderately wounded)
The blast of sand hits the orc.
The orc is severely wounded.
b - 23 stones Something hits you.
The orc hits you but does no damage. The orc barely misses you.
You hear some strange, mumbled words.
A magic dart appears from out of thin air!
The magic dart hits you!
* * * LOW HITPOINT WARNING * * *
Casting: Sandblast (safe; 3% risk of failure)
Confirm with . or Enter, or press ? or * to list all spells.
Aiming: Sandblast (safe; 3% risk of failure)
Press: ? - help, Shift-Dir - straight line, f/p - orc
Aim: an orc, wielding a short sword and wearing a scale mail (severely wounded)
The blast of sand hits the orc.
The orc is severely wounded.
b - 22 stones The orc hits you but does no damage.
Something hits you.
* * * LOW HITPOINT WARNING * * *
The orc hits you with a club.
* * * LOW HITPOINT WARNING * * *
Casting: Sandblast (safe; 3% risk of failure)
Confirm with . or Enter, or press ? or * to list all spells.
Aiming: Sandblast (safe; 3% risk of failure)
Press: ? - help, Shift-Dir - straight line, p - orc
b - 21 stones The orc misses you.
Something hits you.
* * * LOW HITPOINT WARNING * * *
Unknown command.
Casting: Sandblast (safe; 3% risk of failure)
Confirm with . or Enter, or press ? or * to list all spells.
Aiming: Sandblast (safe; 3% risk of failure)
Press: ? - help, Shift-Dir - straight line
b - 20 stones The orc hits you with a club.
* * * LOW HITPOINT WARNING * * *
Something hits you.
* * * LOW HITPOINT WARNING * * *
The orc hits you with a short sword.
* * * LOW HITPOINT WARNING * * *
Unknown command.
Casting: Sandblast (safe; 3% risk of failure)
Confirm with . or Enter, or press ? or * to list all spells.
Aiming: Sandblast (safe; 3% risk of failure)
Press: ? - help, Shift-Dir - straight line The blast of sand hits something.
b - 19 stones The orc hits you with a club.
* * * LOW HITPOINT WARNING * * *
Something hits you.
You die...

##### ..
#@o.#....
#{o.#....
###'##....
#..........
#.....#####
#.....#
#.....#
#.....#
#.....#


You could see 2 orcs.

Vanquished Creatures
  Jessica (D:2)
  2 adders
  A worm (D:2)
  2 dart slugs (D:1)
  6 orcs
  4 giant cockroaches
  2 goblins
  3 hobgoblins
  4 kobolds
  3 bats
  A frilled lizard (D:2)
  5 rats
34 creatures vanquished.

Notes
Turn   | Place    | Note
-------+----------+-------------------------------------------
     0 | D:1      | Amnesiac the Mummy Earth Elementalist began the quest for the Orb.
     0 | D:1      | Reached XP level 1. HP: 13/13 MP: 4/4
   211 | D:1      | Reached XP level 2. HP: 8/19 MP: 1/5
   215 | D:1      | Learned a level 2 spell: Passwall
   814 | D:2      | Reached XP level 3. HP: 24/24 MP: 2/7
   932 | D:3      | Noticed Jessica
   999 | D:2      | Killed Jessica
   999 | D:2      | Reached XP level 4. HP: 20/30 MP: 7/9
  1176 | D:4      | You fall through a shaft for 2 floors!
  1201 | D:6      | HP: 1/30 [orc/club (2)]
  1201 | D:6      | Slain by an orc wizard

Vault maps used:
D:1:      minmay_arrival_cross, serial_aquarium, aquarium_bridge_square,
          aquarium_bridge_square, aquarium_window_fake, aquarium_window_1,
          aquarium_window_1, aquarium_window_2, aquarium_view_2f
D:2:      cheibrodos_old_hovel, first_ration, st_stairs_6
D:3:      uniq_grinder, uniq_jessica
D:6:      nicolae_ru_sacrificial_ziggurat

Skill      XL: |  1  2 |
---------------+-------+-----
Spellcasting   | 3 |  3.8
Earth Magic    | 3 |  3.8
Dodging        | |  1.5
Stealth        | |  1.5
Transmutations | |  0.7

Action                   |  1- 3 |  4- 6 || total
-------------------------+-------+-------++-------
Melee: Unarmed           |    22 |       ||    22
       Spear             |    82 |    18 ||   100
 Cast: Sandblast         |    21 |    15 ||    36
 Stab: Sleeping          |     3 |     1 ||     4
Armor: Robe              |    39 |    10 ||    49
Dodge: Dodged            |    86 |    17 ||   103

Table legend:
 A = Spawn XP
 B = Non-spawn XP
 C = Spawn XP percentage of total XP
 D = Spawn monster count
 E = Non-spawn monster count
 F = Spawn count percentage of total count
 G = Total turns spent on level
                    A         B        C        D         E        F      G
               +---------+---------+-------+---------+---------+-------+---------
         Total |       0 |     129 |   0.0 |       0 |      34 |   0.0 |  1201
               +---------+---------+-------+---------+---------+-------+---------
           D:1 |       0 |      21 |   0.0 |       0 |      10 |   0.0 |   503
           D:2 |       0 |      77 |   0.0 |       0 |      16 |   0.0 |   578
           D:3 |       0 |      26 |   0.0 |       0 |       6 |   0.0 |    71
           D:4 |       0 |       2 |   0.0 |       0 |       1 |   0.0 |    24
           D:6 |       0 |       3 |   0.0 |       0 |       1 |   0.0 |    25
               +---------+---------+-------+---------+---------+-------+---------
